 Dungeon Crawl Stone Soup version 0.27-a0-531-gb72ec1a1b6 (webtiles) character file.

Game seed: 9470666714424030842

36 karrick the Skirmisher (level 3, 29/29 HPs)
             Began as a Demonspawn Abyssal Knight on Mar 6, 2021.
             Was a Follower of Lugonu.
             Quit the game on level 2 of the Dungeon.
             The game lasted 00:01:38 (1563 turns).

karrick the Skirmisher (Demonspawn Abyssal Knight)  Turns: 1563, Time: 00:01:39

Health: 29/29      AC:  3    Str: 13    XL:     3   Next: 19%
Magic:  5/5        EV: 11    Int: 13    God:    Lugonu [*.....]
Gold:   84         SH:  0    Dex: 12    Spells: 2/2 levels left

rFire    . . .     SeeInvis .   a - +1 hand axe
rCold    . . .     Faith    .   (no shield)
rNeg     . . .     Spirit   .   b - +0 leather armour
rPois    .         Reflect  .   (no helmet)
rElec    .         Harm     .   (no cloak)
rCorr    .         Rampage  .   (no gloves)
Will     .....                  (no boots)
Stlth    +.........             (no amulet)
HPRegen  0.09/turn              (no ring)
MPRegen  0.09/turn              (no ring)

@: no status effects
A: talons 1, powered by pain 1
a: Renounce Religion, Depart the Abyss


You were on level 2 of the Dungeon.
You worshipped Lugonu.
Lugonu was aware of your devotion.
You visited 1 branch of the dungeon, and saw 2 of its levels.
You visited the Abyss 1 time.

You collected 84 gold pieces.

Inventory:

Hand Weapons
 a - a +1 hand axe (weapon)
Armour
 b - a +0 leather armour (worn)
Jewellery
 f - a ring of willpower
Scrolls
 e - a scroll of fear {unknown}
 i - 2 scrolls of identify {unknown}
Potions
 c - a potion of ambrosia {unknown}
 d - 2 potions of mutation {unknown}
 g - 3 potions of curing {unknown}
 h - 2 potions of berserk rage {unknown}


   Skills:
 + Level 3.6 Fighting
 + Level 2.2 Axes
 + Level 1.9 Armour
 + Level 1.1 Dodging
 * Level 2.9 Invocations


You had 2 spell levels left.
You didn't know any spells.
Your spell library was empty.

Dungeon Overview and Level Annotations

Branches:
Dungeon (2/15)

Altars:


Innate Abilities, Weirdness & Mutations

You have sharp toenails.
You sometimes gain a little power by taking damage.


Message History

You closely miss the leopard gecko. The leopard gecko bites you.
The leopard gecko closely misses you.
You hit the adder.
The adder is moderately wounded.
You hit the leopard gecko.
You kill the leopard gecko!
Lugonu accepts your kill. The adder misses you. x2
Your Dodging skill increases to level 1!
You barely miss the adder.
The adder is moderately wounded.
The adder bites you but does no damage.
You barely miss the adder.
The adder is moderately wounded.
The adder bites you.
You are poisoned.
The adder poisons you! The adder bites you but does no damage.
You miss the adder.
The adder is moderately wounded.
You feel sick. The adder closely misses you.
You closely miss the adder.
The adder is moderately wounded.
You feel sick. The adder misses you. The adder barely misses you.
You slash the adder!
You kill the adder!
Lugonu accepts your kill.
You have reached level 3!
Your experience leads to an increase in your attributes!
Increase (S)trength, (I)ntelligence, or (D)exterity?
You feel stronger.
Your demonic ancestry asserts itself...
Your toenails lengthen and sharpen.
You feel sick.
You feel sick.
You feel sick.
You feel sick.
You feel sick.
You are no longer poisoned.
i - 2 scrolls labelled BYNOIHE MIETS (gained 1)
You see here an adder corpse.
Are you sure you want to abandon this character and quit the game? (Confirm with "yes".)

######### ### #........
..# #.####### #.#
####<############.#
#.....†...........#
.....####.#######(#
#.##.# #.#######.#
#<##.####.......@#.......
#.##...........##>#######
#.##..###..##.## .#
.....#.##..##.# .#
#.#.###....##.. ..
.....#.#........ ..
#.#.#.####.###...#.#
#.#.#.# #.# #.##.#
....(.#


There were no monsters in sight!

Vanquished Creatures
  An adder (D:2)
  An ooze (D:2)
  2 dart slugs (D:1)
  3 leopard geckos
  2 giant cockroaches
  2 hobgoblins
  A bat (D:1)
  A frilled lizard (D:1)
  A kobold (D:2)
  3 rats
17 creatures vanquished.

Notes
Turn   | Place    | Note
-------+----------+-------------------------------------------
     0 | Abyss:1  | karrick the Demonspawn Abyssal Knight began the quest for
                  | the Orb.
     0 | Abyss:1  | Reached XP level 1. HP: 18/18 MP: 2/2
    21 | D:1      | Escaped the Abyss
   651 | D:1      | Gained mutation: You sometimes gain a little power by
                  | taking damage. [demonic ancestry]
   651 | D:1      | Reached XP level 2. HP: 20/24 MP: 3/3
  1388 | D:2      | Reached skill level 1 in Dodging
  1393 | D:2      | Gained mutation: You have sharp toenails. [demonic
                  | ancestry]
  1393 | D:2      | Reached XP level 3. HP: 18/29 MP: 5/5
  1563 | D:2      | Quit the game

Illustrated notes

Levels and vault maps discovered:
D:1:      wheals_arrival_shading, layout_basic, serial_rivers,
          chequers_serial_rivers_micro_b, chequers_serial_rivers_micro_e,
          chequers_serial_rivers_room_a, chequers_serial_rivers_micro_a,
          chequers_serial_rivers_marsh, chequers_serial_rivers_marsh
D:2:      layout_loops_ring, uniq_crazy_yiuf_cottage

Skill      XL: |  1  2 |
---------------+-------+-----
Axes           | 2 |  2.2
Dodging        | 1 |  1.1
Fighting       | |  3.6
Armour         | |  1.9
Invocations    | |  2.9

Action                   || total
-------------------------++-------
Melee: Hand axe          ||    54
Armor: Leather armour    ||    14
Dodge: Dodged            ||    33

Table legend: (Time is in decaauts)
 A = Elapsed time spent in this place.
 B = Non-inter-level travel time spent in this place.
 C = Inter-level travel time spent in this place.
 D = Time resting spent in this place.
 E = Time spent auto-exploring this place.
 F = Levels seen in this place.
 G = Mean time per level.
                   A        B        C        D        E       F      G
               +--------+--------+--------+--------+--------+-----+--------+
         Total |   1578 |   1504 |     74 |      0 |   1374 |   3 |  526.0 |
       Dungeon |   1557 |   1483 |     74 |      0 |   1361 |   2 |  778.5 |
         Abyss |     21 |     21 |      0 |      0 |     13 |   1 |   21.0 |
               +--------+--------+--------+--------+--------+-----+--------+

Top non-repeatable levels by time:
     D:1: 1117 daAuts
     D:2: 439 daAuts
 Abyss:1: 21 daAuts
